 Dungeon Crawl Stone Soup version 0.26.0-91-g99b343417d (webtiles) character file.

Game seed: 11620264934276061899

4598 Gadfly the Cudgeller (level 10, -8/144 HPs)
             Began as a Troll Berserker on Feb 3, 2021.
             Was a High Priest of Trog.
             Mangled by a death yak (24 damage)
             ... on level 8 of the Dungeon.
             The game lasted 00:15:07 (7385 turns).

Gadfly the Cudgeller (Troll Berserker)              Turns: 7385, Time: 00:15:07

Health: -8/144     AC: 10    Str: 29    XL:     10   Next: 19%
Magic:  9/9        EV: 10    Int:  3    God:    Trog [*****.]
Gold:   633        SH:  0    Dex: 10    Spells: 9/9 levels left

rFire    + . .     SeeInvis .   b - +2 hand axe (elec)
rCold    + . .     Faith    .   (no shield)
rNeg     . . .     Spirit   .   v - +2 robe {rC+ rF+}
rPois    .         Reflect  .   (helmet restricted)
rElec    .         Harm     .   h - +1 cloak
rCorr    .         Rampage  .   (gloves unavailable)
Will     .....                  (boots unavailable)
Stlth    ..........             (no amulet)
HPRegen  0.74/turn              (no ring)
MPRegen  0.11/turn              (no ring)

@: berserking, very quick
A: large, unfitting armour, claws 3, blurry vision 1, sense surroundings 1,
regeneration 1, shaggy fur 1, tough skin 3, subdued magic 1
a: Renounce Religion, Berserk, Trog's Hand, Brothers in Arms


You were on level 8 of the Dungeon.
You worshipped Trog.
Trog was extremely pleased with you.
You visited 2 branches of the dungeon, and saw 10 of its levels.

You collected 633 gold pieces.

Inventory:

Hand Weapons
 a - a +1 flail of holy wrath
 b - a +2 hand axe of electrocution (weapon)
 l - a +1 spear of freezing
 r - the +2 falchion of Lavif {flame, rC+ Will+ Dex+2}
   (You found it on level 7 of the Dungeon)

   It has been specially enchanted to burn those struck by it, causing extra
   injury to most foes and up to half again as much damage against particularly
   susceptible opponents.
   Big, fiery blades are also staple armaments of hydra-hunters.
   It affects your dexterity (+2).
   It protects you from cold.
   It affects your willpower, your defense against some magical effects.
Armour
 d - a scarf of resistance
 h - a +1 cloak (worn)
 v - a +2 robe of resistance (worn)
Jewellery
 o - an uncursed ring of fire
Wands
 c - a wand of flame (19) (quivered)
 t - a wand of acid (9)
Scrolls
 e - 2 scrolls of remove curse
 f - a scroll of enchant weapon
 m - 8 scrolls of teleportation
 p - 2 scrolls of identify
 s - 2 scrolls of blinking
Potions
 g - 3 potions of curing
 i - a potion of cancellation
 j - 2 potions of lignification
 k - 2 potions of haste
 n - a potion of ambrosia
 q - 2 potions of might
 u - a potion of resistance {unknown}


   Skills:
 + Level 5.1 Fighting
 * Level 7.7 Maces & Flails
 * Level 6.7 Armour
 - Level 2.5 Dodging
 * Level 6.1 Evocations


You had 9 spell levels left.
You didn't know any spells.
Your spell library was empty.

Dungeon Overview and Level Annotations

Branches:
Dungeon (9/15)             Temple (1/1) D:7
   Lair: D:8-11         Orc: D:9-12

Altars:
Elyvilon
Hepliaklqana
Nemelex Xobeh
Sif Muna
Vehumet
Wu Jian
Xom
Yredelemnul
Zin


Innate Abilities, Weirdness & Mutations

You are too large for most types of armour.
You have claws for hands.
Your natural rate of healing is unusually fast.
You are covered in fur. (AC +1)
You have extremely tough skin. (AC +3)
Scrolls take you a little longer to read.
You passively map a small area around you.
Your spells are a little easier to cast, but a little less powerful.


Message History

You feel yourself moving faster!
You feel mighty! The death yak gores you!
You slice the death yak!!
The death yak is moderately wounded.
The death yak gores you!!
* * * LOW HITPOINT WARNING * * *
You barely miss the death yak.
The death yak is moderately wounded.
The death yak barely misses you.
You hit the death yak.
Lightning courses through the death yak!
The death yak is severely wounded.
You slash the death yak!
Lightning courses through the death yak!
The death yak is almost dead.
The death yak gores you!
* * * LOW HITPOINT WARNING * * *
You barely miss the death yak.
The death yak is almost dead.
The death yak gores you!!
You die...

..##### #.....# #.##### .#.##
#.###.## #.##... .##.# #.# #..#
###.##.## .#.##
#.###..########.#(##.# ..###
#...............(....# ..†.#
########..#.......((#..## .##.#
#...........####...(<.... .##.#
#.######..### ##.###..## .##.#
#.# #@.# #.# #[.# .##.# #.#
#.Y# ###.# #..# .##.# #.# #..#
#...# #.[## .##.# #.# #..#
#.### #..## .##.# #.#
#..#####.### #[.##
###.#####.######..........#
#....
#.#.............#####.#.###....
#.#.####.)......#####[#.#......
#.#.# #.#####......^.....)>...


You could see a death yak.

Vanquished Creatures
  Harold (D:8)
  A komodo dragon (D:8)
  Prince Ribbit (D:7)
  5 humans (D:6)
  A water moccasin (D:8)
  2 black bears (D:6)
  An ice beast (D:7)
  2 ogres
  2 centaurs
  A phantom (D:6)
  3 big kobolds
  3 bullfrogs
  A water moccasin skeleton (D:7)
  A scorpion (D:6)
  A howler monkey (D:4)
  7 wights (D:8)
  A quasit (D:7)
  A gnoll shaman (D:7)
  6 hounds
  3 orc priests
  2 centaur skeletons
  A jelly (D:5)
  5 orc wizards
  A bullfrog skeleton (D:6)
  5 iguanas
  3 worker ants
  A hound skeleton (D:5)
  A worker ant zombie (D:7)
  3 gnolls
  14 adders
  4 white imps
  An ufetubus (D:7)
  An adder zombie (D:5)
  5 dart slugs
  6 leopard geckos
  16 orcs
  2 ball pythons
  5 bats
  3 giant cockroaches
  9 goblins
  5 hobgoblins
  11 jackals
  3 quokkas
  10 frilled lizards
  22 kobolds
  A quokka zombie (D:6)
  7 rats
191 creatures vanquished.

Vanquished Creatures (others)
  2 orcs (D:5)
  15 plants
17 creatures vanquished.

Grand Total: 208 creatures vanquished

Notes
Turn   | Place    | Note
-------+----------+-------------------------------------------
     0 | D:1      | Gadfly the Troll Berserker began the quest for the Orb.
     0 | D:1      | Reached XP level 1. HP: 22/22 MP: 0/0
   200 | D:1      | Reached XP level 2. HP: 28/29 MP: 1/1
   517 | D:1      | Reached skill level 1 in Armour
  1023 | D:1      | Gained mutation: Potions are less effective at restoring
                  | your health. [potion of mutation]
  1023 | D:1      | Gained mutation: You are surrounded by a mild repulsion
                  | field. (EV +2) [potion of mutation]
  1083 | D:2      | Reached skill level 1 in Evocations
  1112 | D:2      | Reached XP level 3. HP: 36/36 MP: 2/2
  1260 | D:2      | Reached skill level 3 in Maces & Flails
  1422 | D:2      | Reached ** piety under Trog
  1570 | D:2      | Reached XP level 4. HP: 42/44 MP: 3/3
  1969 | D:3      | Reached XP level 5. HP: 36/50 MP: 4/4
  2180 | D:3      | Found a glowing silver altar of Zin.
  2406 | D:4      | Reached XP level 6. HP: 28/59 MP: 5/5
  2467 | D:4      | Found a basalt altar of Yredelemnul.
  2861 | D:4      | Reached *** piety under Trog
  2862 | D:4      | Reached skill level 4 in Maces & Flails
  3072 | D:4      | Lost mutation: You are surrounded by a mild repulsion
                  | field. (EV +2) [potion of mutation]
  3072 | D:4      | Lost mutation: Potions are less effective at restoring your
                  | health. [potion of mutation]
  3072 | D:4      | Gained mutation: You passively map a small area around you.
                  | [potion of mutation]
  3072 | D:4      | Gained mutation: You are frail. (-10% HP) [potion of
                  | mutation]
  3072 | D:4      | Gained mutation: You are agile. (Dex +2) [potion of
                  | mutation]
  3073 | D:4      | Lost mutation: You passively map a small area around you.
                  | [potion of mutation]
  3073 | D:4      | Lost mutation: You are frail. (-10% HP) [potion of
                  | mutation]
  3073 | D:4      | Lost mutation: You are agile. (Dex +2) [potion of mutation]
  3073 | D:4      | Gained mutation: You have a pair of small horns on your
                  | head. [potion of mutation]
  3073 | D:4      | Gained mutation: Your body sometimes deteriorates upon
                  | taking damage. [potion of mutation]
  3073 | D:4      | Gained mutation: You have sharp toenails. [potion of
                  | mutation]
  3093 | D:5      | Entered Level 5 of the Dungeon
  3118 | D:5      | Reached XP level 7. HP: 48/67 MP: 6/6
  3202 | D:5      | Found a shimmering altar of Xom.
  3449 | D:5      | Found a sparkling altar of Nemelex Xobeh.
  3519 | D:5      | Lost mutation: You have a pair of small horns on your head.
                  | [potion of mutation]
  3519 | D:5      | Lost mutation: Your body sometimes deteriorates upon taking
                  | damage. [potion of mutation]
  3519 | D:5      | Gained mutation: Your body sometimes deteriorates upon
                  | taking damage. [potion of mutation]
  3519 | D:5      | Gained mutation: You are frail. (-10% HP) [potion of
                  | mutation]
  3519 | D:5      | Gained mutation: Your flesh is cold resistant. (rC+)
                  | [potion of mutation]
  3908 | D:6      | Lost mutation: You are frail. (-10% HP) [potion of
                  | mutation]
  3908 | D:6      | Lost mutation: Your flesh is cold resistant. (rC+) [potion
                  | of mutation]
  3908 | D:6      | Gained mutation: Your spells are a little easier to cast,
                  | but a little less powerful. [potion of mutation]
  3908 | D:6      | Gained mutation: You have a pair of small horns on your
                  | head. [potion of mutation]
  3909 | D:6      | Lost mutation: Your body sometimes deteriorates upon taking
                  | damage. [potion of mutation]
  3909 | D:6      | Lost mutation: You have sharp toenails. [potion of
                  | mutation]
  3909 | D:6      | Lost mutation: You have a pair of small horns on your head.
                  | [potion of mutation]
  3909 | D:6      | Gained mutation: Scrolls take you a little longer to read.
                  | [potion of mutation]
  3909 | D:6      | Gained mutation: You passively map a small area around you.
                  | [potion of mutation]
  3974 | D:6      | Noticed a human
  3974 | D:6      | Noticed a human
  3976 | D:6      | Noticed a human
  3976 | D:6      | Noticed a human
  3985 | D:6      | Killed a human
  3986 | D:6      | Reached skill level 5 in Maces & Flails
  3989 | D:6      | Killed a human
  3990 | D:6      | Reached XP level 8. HP: 37/75 MP: 7/7
  4166 | D:6      | Reached **** piety under Trog
  4270 | D:6      | Found a shimmering blue altar of Sif Muna.
  4387 | D:6      | Reached skill level 5 in Armour
  4391 | D:6      | Reached skill level 6 in Maces & Flails
  4517 | D:6      | Found an ornate altar of the Wu Jian Council.
  4797 | D:7      | Reached XP level 9. HP: 69/84 MP: 8/8
  4940 | D:7      | Noticed Prince Ribbit
  5088 | D:7      | Found a staircase to the Ecumenical Temple.
  5240 | Temple   | Entered the Ecumenical Temple
  5354 | D:7      | Reached skill level 5 in Evocations
  5475 | D:7      | Killed Prince Ribbit
  5702 | D:7      | Found a shimmering blue altar of Sif Muna.
  5765 | D:7      | Got an ichor-stained falchion
  5768 | D:7      | Identified the +2 falchion of Lavif {flame, rC+ Will+
                  | Dex+2} (You found it on level 7 of the Dungeon)
  5801 | D:8      | Reached ***** piety under Trog
  5996 | D:8      | Noticed Harold
  6012 | D:8      | Killed Harold
  6013 | D:8      | Reached skill level 7 in Maces & Flails
  6273 | D:8      | Reached skill level 5 in Fighting
  6273 | D:8      | Reached XP level 10. HP: 40/85 MP: 9/9
  7364 | D:9      | Noticed a death yak
  7364 | D:9      | Noticed a death yak
  7364 | D:9      | Noticed a death yak
  7366 | D:9      | Noticed a death yak
  7371 | D:9      | Noticed a death yak
  7385 | D:8      | Mangled by a death yak

Illustrated notes

Levels and vault maps discovered:
D:1:      sevenhm_arrival_forest_fort_large_2, layout_basic, serial_forest,
          infiniplex_forest_end_1, infiniplex_forest_lined_2,
          infiniplex_forest_clump_medium, infiniplex_forest_pool,
          infiniplex_forest_clump_diagonal
D:2:      minmay_razor_zed, layout_basic, wad_floor_pattern_untrapped,
          hangedman_decor_slide_cut, skrybe_limestone_x
D:3:      layout_basic, lemuel_doored_altar
D:4:      layout_basic, yredelemnul_altar_generic, kennysheep_generic_room_8
D:5:      layout_basic, kennysheep_mini_moat, basic_altar, lemuel_old_faithful
D:6:      layout_cave_pools, lemuel_round_altar, kennysheep_mini,
          minmay_ruffians
D:7:      layout_rooms, minmay_temple_entry_ruins,
          minmay_misc_feat_secret_circle, amcnicky_altar_gilded,
          uniq_prince_ribbit1
D:8:      layout_loops_ring, minmay_lizard_king, uniq_harold
D:9:      layout_basic, kennysheep_little_box, dpeg_lair_monsters, serial_shops,
          shop, hangedman_misty_isle
Temple:   lightli_temple_of_artemis

Skill      XL: |  1  2  3  4  5  6  7  8  9 10 |
---------------+-------------------------------+-----
Armour         | 1 2 3 4 5 6 |  6.7
Evocations     | 1 2 3 4 5 6 |  6.1
Maces & Flails | 3 4 5 6 7 |  7.7
Fighting       | 3 4 5 |  5.1
Dodging        | |  2.5

Action                   |  1- 3 |  4- 6 |  7- 9 | 10-12 || total
-------------------------+-------+-------+-------+-------++-------
Melee: Mace              |    30 |    40 |       |       ||    70
       Hand axe          |    69 |    98 |   307 |    81 ||   555
       Headbutt          |       |     2 |     3 |       ||     5
       Kick              |       |       |     5 |       ||     5
Invok: Berserk           |       |     1 |     5 |     2 ||     8
Evoke: Wand              |       |       |     3 |       ||     3
  Use: Scroll            |     6 |     3 |     8 |       ||    17
       Potion            |     3 |     5 |     5 |       ||    13
 Stab: Sleeping          |     1 |       |       |       ||     1
Armor: Animal skin       |    38 |    79 |   163 |     5 ||   285
       Robe              |       |       |       |    15 ||    15
Dodge: Dodged            |    63 |    99 |   239 |    32 ||   433
